 Dungeon Crawl Stone Soup version 0.25.1-1-g288607f (webtiles) character file.

Game seed: 8025345458113397145

8043 Gadfly the Cardsharp (level 11, 0/91 HPs)
             Began as a Demonspawn Monk on July 27, 2020.
             Was a High Priest of Nemelex Xobeh.
             Killed by the air
             ... invoked by Gastronok
              (32 damage)
             ... on level 9 of the Dungeon.
             The game lasted 00:18:21 (8177 turns).

Gadfly the Cardsharp (Demonspawn Monk)              Turns: 8177, Time: 00:18:22

Health: 0/91       AC: 21    Str: 16    XL:     11   Next: 4%
Magic:  18/18      EV:  7    Int: 17    God:    Nemelex Xobeh [*****.]
Gold:   249        SH:  0    Dex: 21    Spells: 8/10 levels left

rFire    . . .     SeeInvis .   b - +0 trident (venom)
rCold    + . .     Gourm    .   (no shield)
rNeg     . . .     Faith    +   g - +0 plate armour
rPois    .         Spirit   .   (helmet restricted)
rElec    .         Reflect  .   m - +1 cloak
rCorr    .         Harm     .   s - +1 pair of gloves
MR       .....                  (no boots)
Stlth    ..........             E - amulet of faith
HPRegen  0.25/turn              l - +6 ring of dexterity
MPRegen  0.16/turn              A - +6 ring of intelligence

@: slowed, very slow
A: horns 1, yellow scales 2, cold resistance 1, robust 1, wild magic 1, rot
immunity, freezing cloud immunity
a: Draw Escape, Draw Destruction, Draw Summoning, Triple Draw, Deal Four, Stack
Five, Renounce Religion


You were on level 9 of the Dungeon.
You worshipped Nemelex Xobeh.
Nemelex Xobeh was extremely pleased with you.
You were not hungry.

You visited 2 branches of the dungeon, and saw 10 of its levels.

You collected 411 gold pieces.
You spent 162 gold pieces at shops.

Inventory:

Hand Weapons
 a - a +0 war axe
 b - a +0 trident of venom (weapon)
 t - a +0 falchion of flaming
 v - a +0 whip of freezing
 C - the +2 dagger of False Hope {vamp, rC+ Str-4 SInv Stlth+}
   (You found it on level 8 of the Dungeon)

   It inflicts no extra harm, but heals its wielder when it wounds a living foe.
   It affects your strength (-4).
   It protects you from cold.
   It lets you see invisible.
   It makes you more stealthy.
Missiles
 B - a throwing net (quivered)
Armour
 g - a +0 plate armour (worn)
 m - a +1 cloak (worn)
 s - a +1 pair of gloves (worn)
Jewellery
 d - an uncursed ring of protection from fire
 h - an uncursed amulet of regeneration
 l - a +6 ring of dexterity (left hand)
 u - an uncursed ring of flight
 A - a +6 ring of intelligence (right hand)
 E - an amulet of faith (around neck)
Wands
 n - a wand of enslavement (5)
 x - a wand of clouds (4)
 y - a wand of acid (6)
Scrolls
 e - 6 scrolls of remove curse
 j - 2 scrolls of enchant armour
 k - 2 scrolls of fear
 r - 2 scrolls of magic mapping
 w - 2 scrolls of enchant weapon
 z - a scroll of teleportation
 F - 3 scrolls of identify
 G - a scroll of fog {unknown}
 H - a scroll of blinking
Potions
 f - a potion of heal wounds
 i - a potion of lignification
 o - 2 potions of might
 p - 2 potions of curing
 q - 2 potions of haste
 D - 2 potions of mutation
Comestibles
 c - 22 rations


   Skills:
 + Level 6.4 Fighting
 * Level 8.8 Axes
 * Level 8.3 Armour
 - Level 2.6 Dodging
 - Level 1.7 Stealth
 * Level 10.4 Invocations
 + Level 5.4 Evocations


You had 8 spell levels left.
You knew the following spells:

 Your Spells              Type           Power        Failure   Level  Hunger
a - Corona                Hex            #......      100%        1    ##.....
b - Apportation           Tloc           #.....       100%        1    ##.....

Your spell library contained the following spells:

 Spells                   Type           Power        Failure   Level  Hunger
 Animate Skeleton         Necr           N/A          100%        1    ##.....
 Summon Small Mammal      Summ           #...         100%        1    ##.....


Dungeon Overview and Level Annotations

Branches:
Dungeon (9/15)             Temple (1/1) D:4
   Lair: D:8-11         Orc: D:9-12

Altars:
Ashenzari
Cheibriados
Dithmenos
Elyvilon
Gozag
Kikubaaqudgha
Makhleb
Nemelex Xobeh
Qazlal
Ru
Sif Muna
Trog
Uskayaw
Vehumet
Wu Jian
Xom
Yredelemnul
Zin

Shops:
D:7 ?

Annotations:
D:9 Gastronok


Innate Abilities, Weirdness & Mutations

You have a pair of small horns on your head.
You are mostly covered in yellow scales. (AC +3)
Your flesh is cold resistant. (rC+)
You are immune to rotting.
You are immune to freezing clouds.
You are robust. (+10% HP)
Your spells are a little harder to cast, but a little more powerful.


Message History

You hit Gastronok.
Gastronok looks as sick as possible!
You headbutt Gastronok.
Gastronok is heavily wounded.
Gastronok bites you!
You hit Gastronok.
Gastronok looks as sick as possible!
Gastronok is heavily wounded.
You puncture Gastronok! You headbutt Gastronok.
Gastronok is heavily wounded.
Gastronok waves his eye-stalks in wide circles.
The air twists around and strikes you!!
Your plate armour prevents you from hitting Gastronok.
You headbutt Gastronok.
Gastronok is heavily wounded.
Gastronok waves his eye-stalks in wide circles.
The air twists around and strikes you!
You hit Gastronok.
Gastronok looks as sick as possible!
Gastronok is severely wounded.
Gastronok waves his eye-stalks in wide circles.
The air twists around and strikes you!!
You die...
Your body glows with a rainbow of weird colours and disappears.

#. #.#....# #.
#.###### #. #.#
#####
#.#####.##......
#..........# #
#..###(###.# .#
#..#..((.#.#..#.
##.#.>..)#......
#@w....)...#
#.#...|)#..#
#.#.....#.w#
#.###.### .#
#....... ..
#####.... .. #.
... ..ยง #. ...
#.


You could see Gastronok (extremely poisoned).

Vanquished Creatures
  A hydra (D:9)
  Harold (D:8)
  Pikel (D:6)
  A polar bear (D:7)
  2 dream sheep (D:9)
  A hippogriff (D:7)
  Sigmund (D:6)
  4 yaks
  2 steam dragons (D:9)
  5 orc warriors
  A slave (D:6)
  A black bear (D:7)
  5 ice beasts
  3 wolves
  2 centaurs
  A phantom (D:4)
  3 ogres
  4 big kobolds (D:9)
  Blork the orc (D:6)
  4 bullfrogs
  A gnoll sergeant (D:8)
  2 scorpions
  3 killer bees (D:7)
  3 wights (D:8)
  An electric eel (D:8)
  5 howler monkeys
  4 crimson imps
  A centaur zombie (D:5)
  2 jellies
  4 hounds
  13 orc wizards
  8 orc priests
  An iguana (D:7)
  4 worker ants
  A bullfrog simulacrum (D:8)
  A hound skeleton (D:5)
  2 howler monkey zombies
  2 worker ant zombies
  A howler monkey skeleton (D:7)
  5 gnolls (D:8)
  6 adders
  A hound simulacrum (D:8)
  2 shadow imps
  2 white imps (D:8)
  2 worker ant simulacra (D:8)
  An ufetubus (D:8)
  2 oozes
  2 adder skeletons
  2 worms (D:2)
  An adder simulacrum (D:8)
  2 dart slugs (D:2)
  33 orcs
  3 giant cockroaches
  8 goblins
  2 hobgoblins (D:2)
  10 jackals
  5 quokkas
  A ball python (D:3)
  9 bats
  6 frilled lizards
  6 kobolds
  A leopard gecko skeleton (D:4)
  A quokka simulacrum (D:8)
  4 rats
  4 plants (D:9)
224 creatures vanquished.

Vanquished Creatures (collateral kills)
  Grinder (D:6)
  A slave (D:6)
2 creatures vanquished.

Vanquished Creatures (others)
  A howler monkey (D:6)
  2 quokkas (D:6)
  A plant (D:9)
4 creatures vanquished.

Grand Total: 230 creatures vanquished

Notes
Turn   | Place    | Note
-------+----------+-------------------------------------------
     0 | D:1      | Gadfly the Demonspawn Monk began the quest for the Orb.
     0 | D:1      | Reached XP level 1. HP: 18/18 MP: 1/1
   240 | D:1      | Reached skill level 1 in Armour
   240 | D:1      | Gained mutation: Your flesh is cold resistant. (rC+)
                  | [demonic ancestry]
   240 | D:1      | Reached XP level 2. HP: 23/24 MP: 2/2
   837 | D:2      | Gained mutation: You are partially covered in yellow
                  | scales. (AC +2) [demonic ancestry]
   837 | D:2      | Reached XP level 3. HP: 25/29 MP: 3/3
  1263 | D:2      | Reached XP level 4. HP: 25/35 MP: 4/4
  1397 | D:3      | Gained mutation: You have a pair of small horns on your
                  | head. [demonic ancestry]
  1397 | D:3      | Reached XP level 5. HP: 40/41 MP: 5/5
  1519 | D:3      | Learned a level 1 spell: Corona
  1521 | D:3      | Learned a level 1 spell: Apportation
  2197 | D:4      | Found a staircase to the Ecumenical Temple.
  2223 | Temple   | Entered the Ecumenical Temple
  2254 | Temple   | Became a worshipper of Nemelex Xobeh the Trickster
  2254 | Temple   | Received a gift from Nemelex Xobeh
  2254 | Temple   | Reached * piety under Nemelex Xobeh
  2254 | Temple   | Reached ** piety under Nemelex Xobeh
  2276 | D:4      | Received a gift from Nemelex Xobeh
  2840 | D:5      | Entered Level 5 of the Dungeon
  2886 | D:5      | Reached skill level 1 in Invocations
  2886 | D:5      | Gained mutation: You are immune to rotting. [demonic
                  | ancestry]
  2886 | D:5      | Reached XP level 6. HP: 39/47 MP: 6/6
  3128 | D:5      | Reached skill level 2 in Invocations
  3128 | D:5      | Reached skill level 1 in Evocations
  3152 | D:5      | Received a gift from Nemelex Xobeh
  3269 | D:4      | Reached skill level 5 in Axes
  3301 | D:4      | Gained mutation: You are mostly covered in yellow scales.
                  | (AC +3) [demonic ancestry]
  3301 | D:4      | Reached XP level 7. HP: 40/52 MP: 7/9
  3515 | D:5      | Reached *** piety under Nemelex Xobeh
  3568 | D:5      | Reached skill level 3 in Invocations
  3867 | D:6      | Reached skill level 4 in Invocations
  3887 | D:6      | Noticed Blork the orc
  3894 | D:6      | Killed Blork the orc
  3906 | D:6      | Received a gift from Nemelex Xobeh
  3931 | D:6      | Noticed Pikel
  3967 | D:6      | Killed Pikel
  3967 | D:6      | Reached skill level 5 in Armour
  3967 | D:6      | Reached skill level 5 in Invocations
  3967 | D:6      | Reached XP level 8. HP: 25/60 MP: 10/12
  4048 | D:6      | Noticed Grinder
  4065 | D:6      | Paralysed by Grinder for 6 turns
  4077 | D:6      | Paralysed by Grinder for 5 turns
  4079 | D:6      | Killed Grinder
  4255 | D:6      | Reached skill level 6 in Invocations
  4296 | D:6      | Noticed Sigmund
  4306 | D:6      | Killed Sigmund
  5060 | D:7      | Reached XP level 9. HP: 61/66 MP: 13/13
  5100 | D:7      | Received a gift from Nemelex Xobeh
  5197 | D:7      | Reached skill level 7 in Invocations
  5459 | D:7      | Reached **** piety under Nemelex Xobeh
  5508 | D:7      | Reached skill level 5 in Fighting
  5762 | D:7      | Found Vouhe's Magic Scroll Shop.
  5776 | D:7      | Bought a scroll of enchant weapon for 97 gold pieces
  5776 | D:7      | Bought a scroll of identify for 26 gold pieces
  5776 | D:7      | Bought a scroll of remove curse for 39 gold pieces
  6039 | D:7      | Reached skill level 8 in Invocations
  6175 | D:7      | Gained mutation: You are immune to freezing clouds.
                  | [demonic ancestry]
  6175 | D:7      | Reached XP level 10. HP: 53/74 MP: 16/16
  6422 | D:8      | Reached skill level 9 in Invocations
  6472 | D:8      | Noticed Harold
  6487 | D:8      | Killed Harold
  6644 | D:8      | Received a gift from Nemelex Xobeh
  6653 | D:8      | Got a shimmering dagger
  6654 | D:8      | Identified the cursed +2 dagger of False Hope {vamp, rC+
                  | Str-4 SInv Stlth+} (You found it on level 8 of the Dungeon)
  6910 | D:8      | Gained mutation: You are robust. (+10% HP) [potion of
                  | mutation]
  6910 | D:8      | Gained mutation: Your spells are a little harder to cast,
                  | but a little more powerful. [potion of mutation]
  7051 | D:9      | Reached skill level 5 in Evocations
  7130 | D:9      | Noticed a three-headed hydra
  7142 | D:9      | Killed a one-headed hydra
  7142 | D:9      | Reached skill level 10 in Invocations
  7661 | D:9      | Found a stormy altar of Qazlal.
  7836 | D:9      | Reached XP level 11. HP: 76/90 MP: 18/18
  8018 | D:9      | Noticed Gastronok
  8158 | D:9      | Reached ***** piety under Nemelex Xobeh
  8177 | D:9      | Killed from afar by Gastronok

Illustrated notes

Levels and vault maps discovered:
D:1:      mushboom_english_gardens, layout_basic
D:2:      layout_rooms
D:3:      layout_basic, first_ration
D:4:      layout_gridville, minmay_temple_entry_statues_pillars
D:5:      layout_cave_pools, chequers_hall_statues_y, grunt_tough_drop
D:6:      layout_layer_cave, uniq_grinder, uniq_pikel, uniq_sigmund,
          uniq_blork_the_orc
D:7:      layout_cave_pools, serial_shops, nicolae_shop_window_shopping
D:8:      layout_rooms, serial_ice, serial_ice_a, serial_ice_e, serial_ice_o,
          serial_ice_c, serial_ice_d, serial_ice_j, serial_ice_b, uniq_harold
D:9:      layout_basic, nicolae_qazlal_general_emergency, lair_entry_dummy,
          hangedman_ranch [blue_anna_fruit_fields], st_stairs_3,
          minmay_lindwurm_lava, uniq_gastronok
Temple:   grunt_wide_crystal_templ

Skill      XL: |  1  2  3  4  5  6  7  8  9 10 |
---------------+-------------------------------+-----
Axes           | 3 4 5 6 7 8 |  8.8
Armour         | 1 2 3 4 5 7 8 |  8.3
Invocations    | 1 2 5 6 8 10 | 10.4
Evocations     | 1 2 3 4 5 |  5.4
Fighting       | 4 5 6 |  6.4
Dodging        | |  2.6
Stealth        | |  1.7

Action                   |  1- 3 |  4- 6 |  7- 9 | 10-12 || total
-------------------------+-------+-------+-------+-------++-------
Melee: Hand axe          |   137 |   211 |   104 |       ||   452
       Headbutt          |       |    45 |    94 |    83 ||   222
       Trident           |       |       |   109 |    45 ||   154
       War axe           |       |       |   113 |   202 ||   315
       Falchion          |       |       |       |     6 ||     6
Invok: Draw Destruction  |       |       |     9 |     2 ||    11
       Draw Summoning    |       |       |     1 |       ||     1
  Use: Scroll            |     8 |     4 |     6 |     3 ||    21
       Potion            |       |     3 |     1 |     1 ||     5
 Stab: Sleeping          |     1 |       |       |       ||     1
  Eat: Chunk             |     1 |     5 |     8 |     7 ||    21
       Ration            |       |     1 |       |       ||     1
Armor: Robe              |     6 |       |       |       ||     6
       Ring mail         |     8 |       |       |       ||     8
       Plate armour      |   128 |   184 |   418 |   275 ||  1005
       Scale mail        |    16 |       |       |       ||    16
Dodge: Dodged            |    54 |    61 |   170 |   114 ||   399
